 Dungeon Crawl Stone Soup version 0.26-a0-1132-ge9770dfcb6 (webtiles) character file.

Game seed: 1830474348991474898

34058 Dracia the Grappler (level 13, 0/131 HPs)
             Began as a Troll Monk on Dec 20, 2020.
             Was a High Priest of Jiyva.
             Slain by a seven-headed hydra (3 damage)
             ... while petrified by a basilisk
             ... on level 1 of the Lair of Beasts.
             The game lasted 00:25:37 (13814 turns).

Dracia the Grappler (Troll Monk)                   Turns: 13814, Time: 00:25:39

Health: 0/131      AC: 14    Str: 21    XL:     13   Next: 40%
Magic:  12/12      EV:  1    Int: 15    God:    Jiyva [*****.]
Gold:   511        SH:  0    Dex: 19    Spells: 12/12 levels left

rFire    . . .     SeeInvis +     - Unarmed
rCold    . . .     Faith    .   C - +3 kite shield
rNeg     + + +     Spirit   .   u - +2 robe "Zyilecw" {Dex+3}
rPois    ∞         Reflect  +   M - +1 hat {SInv}
rElec    .         Harm     .   w - +2 cloak
rCorr    +         Rampage  .   (gloves unavailable)
Will     .....                  (boots unavailable)
Stlth    +++.......             p - amulet of reflection
HPRegen  1.11/turn              I - +6 ring of intelligence
MPRegen  0.13/turn              Q - ring of stealth

@: petrified
A: large, unfitting armour, claws 3, icy blue scales 1, clever 1, poison
resistance, regeneration 2, shaggy fur 1, tough skin 3
a: Renounce Religion, Request Jelly, Slimify, Cure Bad Mutation


You were on level 1 of the Lair of Beasts.
You worshipped Jiyva.
Jiyva was extremely pleased with you.
You visited 3 branches of the dungeon, and saw 18 of its levels.
You also visited: Ossuary.

You collected 888 gold pieces.
You spent 377 gold pieces at shops.


Innate Abilities, Weirdness & Mutations

You are too large for most types of armour.
You have claws for hands.
You heal very quickly.
You are covered in fur. (AC +1)
You have extremely tough skin. (AC +3)
You are partially covered in icy blue scales. (AC +2)
Your mind is acute. (Int +2)
Your system is resistant to poisons. (rPois)


   Skills:
 + Level 9.2 Fighting
 + Level 9.2 Dodging
 - Level 1.0 Stealth
 - Level 9.0 Shields
 + Level 12.6 Unarmed Combat
 + Level 5.9 Evocations


You had 12 spell levels left.
You didn't know any spells.
Your spell library contained the following spells:

 Spells                   Type           Power        Failure   Level
 Corona                   Hex            0%           26%         1
 Foxfire                  Conj/Fire      0%           26%         1
 Freeze                   Ice            0%           26%         1
 Slow                     Hex            0%           38%         2
 Confusing Touch          Hex            0%           63%         3
 Conjure Flame            Conj/Fire      0%           63%         3
 Frozen Ramparts          Ice            0%           63%         3
 Gell's Gravitas          Tloc           0%           63%         3
 Inner Flame              Hex/Fire       0%           63%         3
 Ozocubu's Armour         Ice            0%           63%         3
 Portal Projectile        Hex/Tloc       0%           63%         3
 Cause Fear               Hex            0%           95%         4
 Hailstorm                Conj/Ice       0%           95%         4
 Leda's Liquefaction      Hex/Erth       0%           95%         4
 Petrify                  Tmut/Erth      0%           95%         4
 Sticky Flame             Conj/Fire      0%           95%         4
 Summon Ice Beast         Ice/Summ       0%           95%         4
 Bolt of Magma            Conj/Fire/Erth 0%           100%        5
 Fireball                 Conj/Fire      0%           100%        5
 Irradiate                Conj/Tmut      0%           100%        5
 Metabolic Englaciation   Hex/Ice        0%           100%        5
 Yara's Violent Unravell  Hex/Tmut       0%           100%        5
 Hydra Form               Tmut           0%           100%        6
 Iron Shot                Conj/Erth      0%           100%        6
 Statue Form              Tmut/Erth      0%           100%        6
 Dragon Form              Tmut           0%           100%        7
 Shatter                  Erth           0%           100%        9

Inventory:

Hand Weapons
 q - the +2 hunting sling "Lizuwn" {flame, rF+ rC+ Str-3 Dex+5}
   (You found it on level 5 of the Dungeon)

   It causes projectiles fired from it to burn those they strike, causing extra
   injury to most foes and up to half again as much damage against particularly
   susceptible opponents.
   It affects your strength (-3).
   It affects your dexterity (+5).
   It protects you from fire.
   It protects you from cold.
Missiles
 m - 40 poisoned darts (quivered)
 v - 4 large rocks {=f=f}
 L - 7 atropa-tipped darts
Armour
 a - a +2 robe
 d - a +2 robe
 u - the +2 robe "Zyilecw" (worn) {Dex+3}
   (You bought it in a shop on level 8 of the Dungeon)

   It affects your dexterity (+3).
 w - a +2 cloak (worn)
 C - a +3 kite shield (worn)
 J - a scarf of shadows
 M - a +1 hat of see invisible (worn)
Magical Staves
 y - an uncursed staff of cold {!a!a, unknown}
Jewellery
 p - an amulet of reflection (around neck)
 G - an uncursed amulet of guardian spirit
 I - a +6 ring of intelligence (left claw)
 Q - a ring of stealth (right claw)
 T - an uncursed amulet of faith {!P!P}
Wands
 l - a wand of flame (20)
 o - a wand of random effects (58)
 A - a wand of iceblast (6)
 F - a wand of digging (7)
 P - a wand of paralysis (7)
Scrolls
 e - 2 scrolls of enchant weapon
 g - 3 scrolls of fog
 h - 2 scrolls of magic mapping
 j - 8 scrolls of teleportation {@r4@r4}
 k - 5 scrolls of remove curse {@r2@r2}
 n - 5 scrolls of amnesia
 s - a scroll of enchant armour
 t - a scroll of summoning
 B - 2 scrolls of fear
 N - a scroll of identify {@r1@r1}
Potions
 b - 4 potions of brilliance
 c - 9 potions of curing {@q1@q1}
 f - 2 potions of lignification
 r - 4 potions of resistance
 x - 4 potions of heal wounds {@q2@q2}
 z - 3 potions of attraction
 D - 2 potions of degeneration
 E - 2 potions of flight
 K - a potion of berserk rage {!q!q}
 O - 2 potions of might
Miscellaneous
 H - a phial of floods

Dungeon Overview and Level Annotations

Branches:
Dungeon (12/15)            Temple (1/1) D:6            Lair (5/6) D:10
 Shoals (0/4) Lair:3       Spider (0/4) Lair:4        Slime (0/5) Lair:5
Ossuary (visited)
    Orc: D:9-12

Altars:
Ashenzari
Cheibriados
Dithmenos
Elyvilon
Fedhas
Gozag
Hepliaklqana
Kikubaaqudgha
Makhleb
Nemelex Xobeh
Okawaru
Qazlal
Ru
Sif Muna
Trog
Uskayaw
Vehumet
Wu Jian
Xom
Yredelemnul
Zin
The Shining One
Jiyva

Shops:
D:8 ![   D:9 ((   D:12 *

Annotations:
Lair:3 2 transporters, Moacass's ghost, journeyman MiAK

.##..........
.|..........
..........#
#.........#
#.........#
##.........#
#..........#
#.#>...Dl...#
#....D@....#
##..........#
#.............
#P.....=.......
##.............
...............
................
................


You could see a seven-headed hydra, a four-headed hydra and a basilisk.


Message History

* * * LOW HITPOINT WARNING * * *
The basilisk gazes at you.
You easily resist.
The seven-headed hydra bites you!
* * * LOW HITPOINT WARNING * * *
The seven-headed hydra bites you.
* * * LOW HITPOINT WARNING * * *
The seven-headed hydra bites you but does no damage.
The seven-headed hydra bites you.
* * * LOW HITPOINT WARNING * * *
The seven-headed hydra bites you!
* * * LOW HITPOINT WARNING * * *
The seven-headed hydra bites you.
* * * LOW HITPOINT WARNING * * *
The seven-headed hydra bites you but does no damage.
The four-headed hydra bites you.
* * * LOW HITPOINT WARNING * * *
The four-headed hydra barely misses you.
The four-headed hydra bites you.
* * * LOW HITPOINT WARNING * * *
The four-headed hydra bites you but does no damage.
The basilisk gazes at you.
You easily resist.
The seven-headed hydra bites you!
* * * LOW HITPOINT WARNING * * *
The seven-headed hydra bites you but does no damage.
The seven-headed hydra bites you.
* * * LOW HITPOINT WARNING * * *
The seven-headed hydra bites you.
You die...

Skill      XL: |  1  2  3  4  5  6  7  8  9 10 11 12 13 |
---------------+----------------------------------------+-----
Unarmed Combat | 4 5 6 7 9 10 11 12 | 12.6
Dodging        | 3 4 5 6 7 8 9 |  9.2
Fighting       | 3 4 5 6 7 8 9 |  9.2
Shields        | 3 8 9 |  9.0
Evocations     | 3 5 |  5.9
Stealth        | |  1.0

Action                   |  1- 3 |  4- 6 |  7- 9 | 10-12 | 13-15 || total
-------------------------+-------+-------+-------+-------+-------++-------
Melee: Unarmed           |   111 |   140 |   289 |   695 |   177 ||  1412
       Punch             |     3 |     5 |    13 |       |       ||    21
Invok: Slimify           |       |       |       |       |     1 ||     1
Evoke: Wand              |       |       |       |     3 |     6 ||     9
  Use: Scroll            |       |     7 |     5 |    16 |     3 ||    31
       Potion            |       |     7 |     1 |     4 |     2 ||    14
 Stab: Sleeping          |     3 |     2 |     3 |     5 |       ||    13
       Distracted        |       |       |     2 |     1 |       ||     3
       Paralysed         |       |       |       |       |     4 ||     4
Armor: Robe              |    69 |    47 |    83 |    82 |    52 ||   333
Dodge: Dodged            |    69 |    84 |   127 |   218 |    73 ||   571
Block: Other             |       |     3 |    40 |       |       ||    43
       Kite shield       |       |       |    27 |   568 |   169 ||   764
       Reflection        |       |       |       |    24 |       ||    24

Levels and vault maps discovered:
D:1:      mushboom_english_gardens, layout_basic, minmay_cupped
D:2:      layout_basic, minmay_misc_feat_cross, uniq_jessica, uniq_robin
D:3:      layout_basic, zin_scriptorium
D:4:      layout_basic, uniq_grinder
D:5:      layout_basic, uniq_sigmund, uniq_menkaure
D:6:      layout_basic, minmay_temple_entry_statues_pillars,
          guppyfry_early_elven_hall
D:7:      layout_loops_ring, fedhas_altar_4, gammafunk_temple_overflow_elements,
          chequers_serial_rivers_room_a, nicolae_ru_awakened_eye, uniq_duvessa,
          uniq_prince_ribbit1
D:8:      layout_layer_cave, enter_ossuary_1, serial_shops,
          nicolae_shop_crystal, kennysheep_mini_moat
D:9:      minmay_s_stair_smasher, layout_gridville, serial_shops, shop,
          doesnt_shop_hydraphobe
D:10:     layout_roguey, dpeg_lair_monsters, uniq_maggie
D:11:     minmay_ornate_pinched, layout_basic, uniq_grum, uniq_erolcha
D:12:     layout_basic, david_orc_2, serial_shops, shop
Temple:   dpeg_five_rooms_temple
Lair:1:   layout_gridlike, infiniplex_staircase_pool_2
Lair:2:   layout_roguey, serial_bayou_shore_a, minmay_lair_oklob_chamber,
          uniq_erica, uniq_gastronok, uniq_urug
Lair:3:   layout_long_grid, elwin_shoals_entry_stream,
          gammafunk_ghost_wrathful_warriors, basic_altar, lemuel_fruit_fields
Lair:4:   layout_cave_shapes, spider_nest_entry_a, patterned_corridor,
          lemuel_fruit_tree, grunt_megastairs_5
Lair:5:   layout_cave_pods, slime_altar_1, basic_altar, lemuel_fruit_fields

Notes
Turn   | Place    | Note
-------+----------+-------------------------------------------
     0 | D:1      | Dracia the Troll Monk began the quest for the Orb.
     0 | D:1      | Reached XP level 1. HP: 22/22 MP: 0/0
    81 | D:1      | Reached XP level 2. HP: 19/29 MP: 1/1
   484 | D:1      | Reached XP level 3. HP: 36/36 MP: 2/2
   823 | D:2      | Reached skill level 4 in Unarmed Combat
   897 | D:2      | Noticed Robin
   921 | D:2      | Reached XP level 4. HP: 37/44 MP: 3/3
   942 | D:2      | Reached skill level 3 in Dodging
   944 | D:2      | Killed Robin
   945 | D:2      | Reached skill level 3 in Fighting
  1073 | D:2      | Noticed Jessica
  1086 | D:2      | Killed Jessica
  1228 | D:2      | Reached XP level 5. HP: 52/53 MP: 4/4
  1650 | D:3      | Reached skill level 5 in Unarmed Combat
  1944 | D:3      | Found a glowing silver altar of Zin.
  2072 | D:4      | Reached XP level 6. HP: 35/61 MP: 5/5
  2093 | D:4      | Gained mutation: You are partially covered in icy blue
                  | scales. (AC +2) [potion of mutation]
  2093 | D:4      | Gained mutation: You are mostly covered in icy blue scales.
                  | (AC +3) [potion of mutation]
  3045 | D:4      | Noticed Grinder
  3045 | D:4      | Paralysed by Grinder for 4 turns
  3064 | D:4      | Killed Grinder
  3065 | D:4      | Reached skill level 4 in Fighting
  3065 | D:4      | Reached skill level 4 in Dodging
  3065 | D:4      | Reached skill level 6 in Unarmed Combat
  3065 | D:4      | Reached XP level 7. HP: 46/70 MP: 6/6
  3313 | D:5      | Entered Level 5 of the Dungeon
  3602 | D:5      | Noticed Menkaure
  3618 | D:5      | Killed Menkaure
  3619 | D:5      | Reached skill level 7 in Unarmed Combat
  3697 | D:5      | Reached XP level 8. HP: 79/79 MP: 7/7
  3721 | D:5      | Noticed Sigmund
  3736 | D:5      | Killed Sigmund
  3895 | D:5      | Got a slimy hunting sling
  3898 | D:5      | Identified the +2 hunting sling "Lizuwn" {flame, rF+ rC+
                  | Str-3 Dex+5} (You found it on level 5 of the Dungeon)
  4199 | D:6      | Reached skill level 8 in Unarmed Combat
  4225 | D:6      | Reached skill level 5 in Fighting
  4225 | D:6      | Reached skill level 5 in Dodging
  4277 | D:6      | Noticed a deep elf mage
  4283 | D:6      | Killed a deep elf mage
  4361 | D:6      | Reached skill level 9 in Unarmed Combat
  4361 | D:6      | Reached XP level 9. HP: 80/88 MP: 8/8
  4559 | D:6      | Found a staircase to the Ecumenical Temple.
  4598 | Temple   | Entered the Ecumenical Temple
  5242 | D:7      | Noticed Dowan
  5245 | D:7      | Noticed Duvessa
  5253 | D:7      | Killed Duvessa
  5263 | D:7      | Killed Dowan
  5386 | D:7      | Found a sacrificial altar of Ru.
  5495 | D:7      | Found a blossoming altar of Fedhas.
  5540 | D:7      | Reached skill level 6 in Fighting
  5556 | D:7      | Reached skill level 6 in Dodging
  5571 | D:7      | Noticed Prince Ribbit
  5634 | D:7      | Reached skill level 10 in Unarmed Combat
  5884 | D:7      | Killed Prince Ribbit
  5946 | D:7      | Found a sacrificial altar of Ru.
  5946 | D:7      | Found a shimmering blue altar of Sif Muna.
  6304 | D:8      | Reached skill level 1 in Shields
  6319 | D:8      | Reached skill level 2 in Shields
  6369 | D:8      | Found a sand-covered staircase.
  6376 | Ossuary  | Entered an ossuary
  6606 | Ossuary  | Reached skill level 3 in Shields
  6606 | Ossuary  | Reached XP level 10. HP: 98/98 MP: 9/9
  6758 | Ossuary  | Identified 3 potions of resistance
  6808 | D:8      | Found Peclabuq's Armour Shoppe.
  6817 | D:8      | Bought the +2 robe "Zyilecw" {Dex+3} for 312 gold pieces
  6886 | D:8      | You fall into a shaft and drop 2 floors!
  6886 | D:10     | Entered Level 10 of the Dungeon
  6969 | D:10     | Noticed a death yak
  6969 | D:10     | Noticed a death yak
  6970 | D:10     | Found a staircase to the Lair.
  6970 | D:10     | Noticed a death yak
  6988 | D:10     | Killed a death yak
  6989 | D:10     | Reached skill level 4 in Shields
  6997 | D:10     | Noticed a gargoyle
  7004 | D:10     | Killed a death yak
  7005 | D:10     | Reached skill level 5 in Shields
  7025 | D:10     | Killed a death yak
  7026 | D:10     | Reached skill level 6 in Shields
  7045 | D:10     | Killed a gargoyle
  7046 | D:10     | Reached skill level 7 in Shields
  7310 | D:9      | You fall into a shaft and drop 3 floors!
  7327 | D:12     | Noticed a gargoyle
  7336 | D:12     | Killed a gargoyle
  7337 | D:12     | Reached skill level 8 in Shields
  7441 | D:12     | HP: 4/98 [very large slime creature (47)]
  7554 | D:12     | Noticed a manticore
  7561 | D:12     | Killed a manticore
  7562 | D:12     | Reached XP level 11. HP: 76/105 MP: 10/10
  7580 | D:12     | Noticed a cyan ugly thing
  7612 | D:12     | Killed a cyan ugly thing
  7712 | D:12     | Reached skill level 9 in Shields
  7779 | D:12     | Found Tumeocah's General Store.
  7867 | D:11     | Noticed a two-headed ogre
  7870 | D:11     | Noticed Erolcha
  7891 | D:11     | Killed a two-headed ogre
  7892 | D:11     | Reached skill level 1 in Evocations
  7899 | D:11     | Killed Erolcha
  8489 | D:9      | Found Nassoo Esiu's Hydra Hut.
  8494 | D:9      | Noticed a four-headed hydra
  8530 | D:9      | Reached skill level 2 in Evocations
  8759 | D:9      | Found Asut's Weapon Shoppe.
  9488 | D:8      | Reached skill level 7 in Fighting
  9595 | D:8      | Found Luyr's Distillery.
  9598 | D:8      | Bought a potion of berserk rage for 65 gold pieces
  9645 | D:10     | Reached skill level 7 in Dodging
  9883 | Lair:1   | Entered Level 1 of the Lair of Beasts
  9935 | Lair:1   | Reached skill level 11 in Unarmed Combat
 10022 | Lair:1   | Reached skill level 3 in Evocations
 10058 | Lair:2   | Noticed Erica
 10083 | Lair:2   | Killed Erica
 10208 | Lair:3   | Found a basalt altar of Yredelemnul.
 10249 | Lair:4   | Reached XP level 12. HP: 106/118 MP: 11/11
 10316 | Lair:5   | Found a viscous altar of Jiyva.
 10316 | Lair:5   | Found a staircase to the Slime Pits.
 10323 | Lair:5   | Became a worshipper of Jiyva Juthrato the Shapeless
 10323 | Lair:5   | Reached * piety under Jiyva
 10323 | Lair:5   | Reached ** piety under Jiyva
 10634 | Lair:5   | Found an opulent altar of Gozag.
 10930 | Lair:5   | Reached skill level 4 in Evocations
 11254 | Lair:4   | Reached *** piety under Jiyva
 11309 | Lair:4   | Noticed a four-headed hydra
 11319 | Lair:4   | Reached skill level 8 in Fighting
 11322 | Lair:4   | Killed a five-headed hydra
 11323 | Lair:4   | Reached skill level 8 in Dodging
 11374 | Lair:4   | Gained mutation: Your mind is acute. (Int +2) [Jiyva's
                  | grace]
 11478 | Lair:4   | Found a hole to the Spider Nest.
 11597 | Lair:4   | Reached **** piety under Jiyva
 11671 | Lair:4   | Lost mutation: Your mind is acute. (Int +2) [Jiyva's grace]
 11716 | Lair:4   | Reached skill level 12 in Unarmed Combat
 12204 | Lair:3   | Found a staircase to the Shoals.
 12212 | Lair:3   | Reached skill level 5 in Evocations
 12288 | Lair:3   | Found a bloodstained altar of Trog.
 12288 | Lair:3   | Noticed Moacass's ghost (journeyman MiAK)
 12289 | Lair:3   | Found a transporter.
 12289 | Lair:3   | Identified the +4 demon trident of the Leaping Owl {vorpal,
                  | rC+ Str+2 Int-3}
 12300 | Lair:3   | Identified the +5 spear of Greed {vorpal, rC+ Will+}
 12306 | Lair:3   | Found a transporter.
 12449 | Lair:3   | Reached XP level 13. HP: 123/128 MP: 12/12
 12737 | Lair:3   | Gained mutation: Your translucent skin slightly reduces
                  | your foes' accuracy. (Stealth) [Jiyva's grace]
 12847 | Lair:3   | Reached ***** piety under Jiyva
 12988 | Lair:2   | Reached skill level 9 in Fighting
 13015 | Lair:2   | Reached skill level 9 in Dodging
 13209 | Lair:2   | Noticed Gastronok
 13225 | Lair:2   | Killed Gastronok
 13269 | Lair:2   | Gained mutation: You heal very quickly. [Jiyva's grace]
 13333 | Lair:2   | Noticed Urug
 13361 | Lair:2   | Killed Urug
 13397 | Lair:2   | Lost mutation: You are mostly covered in icy blue scales.
                  | (AC +3) [potion of mutation]
 13397 | Lair:2   | Gained mutation: You are partially covered in molten
                  | scales. (AC +2) [potion of mutation]
 13397 | Lair:2   | Gained mutation: You tend to lose your temper in combat.
                  | [potion of mutation]
 13397 | Lair:2   | Lost mutation: Your translucent skin slightly reduces your
                  | foes' accuracy. (Stealth) [potion of mutation]
 13397 | Lair:2   | Gained mutation: You are somewhat resistant to further
                  | mutation. [potion of mutation]
 13398 | Lair:2   | Lost mutation: You tend to lose your temper in combat.
                  | [potion of mutation]
 13398 | Lair:2   | Lost mutation: You are somewhat resistant to further
                  | mutation. [potion of mutation]
 13398 | Lair:2   | Lost mutation: You are partially covered in molten scales.
                  | (AC +2) [potion of mutation]
 13398 | Lair:2   | Gained mutation: Your system is resistant to poisons.
                  | (rPois) [potion of mutation]
 13398 | Lair:2   | Gained mutation: Your spells are a little easier to cast,
                  | but a little less powerful. [potion of mutation]
 13398 | Lair:2   | Gained mutation: Your mind is acute. (Int +2) [potion of
                  | mutation]
 13600 | D:12     | Lost mutation: Your spells are a little easier to cast, but
                  | a little less powerful. [Jiyva's grace]
 13813 | Lair:1   | HP: 11/131 [four-headed hydra (3)]
 13814 | Lair:1   | HP: 5/131 [seven-headed hydra (6)]
 13814 | Lair:1   | Slain by a seven-headed hydra

Vanquished Creatures
  Gastronok (Lair:2)
  2 hydras
  Erolcha (D:11)
  A two-headed ogre (D:11)
  Erica (Lair:2)
  Urug (Lair:2)
  3 death yaks (D:10)
  A deep elf mage (D:6)
  An oklob plant (Lair:2)
  A manticore (D:12)
  An ugly thing (D:12)
  A cyclops (D:12)
  11 elephants
  3 merfolk sirens (Lair:3)
  3 gargoyles
  4 black mambas
  3 cane toads
  4 rime drakes
  A kobold demonologist (D:11)
  2 komodo dragons
  Grinder (D:4)
  A merfolk (Lair:3)
  3 jumping spiders (Lair:4)
  2 polar bears
  17 blink frogs
  Prince Ribbit (D:7)
  A slime creature (D:12)
  Sigmund (D:5)
  A redback (Lair:4)
  3 wraiths
  2 wyverns
  22 yaks
  Menkaure (D:5)
  9 water moccasins
  Duvessa (D:7)
  2 orc warriors
  3 black bears
  A sky beast (D:5)
  3 ice beasts
  A necrophage (D:8)
  3 ogres
  3 wolves (Lair:4)
  2 centaurs
  4 big kobolds
  13 bullfrogs
  2 wyvern zombies (D:8)
  Dowan (D:7)
  A wyvern skeleton (D:8)
  14 killer bees
  2 scorpions (D:9)
  7 wights
  2 electric eels (Lair:2)
  6 howler monkeys
  A centaur zombie (D:5)
  5 hounds
  2 orc priests
  A human zombie (Ossuary)
  A bullfrog zombie (D:6)
  5 jellies
  A bullfrog skeleton (D:10)
  Jessica (D:2)
  3 iguanas
  3 orc wizards
  5 worker ants
  A hound zombie (D:5)
  2 hound skeletons (D:9)
  3 mummies (Ossuary)
  Robin (D:2)
  7 adders
  3 shadow imps
  3 white imps
  2 ufetubi
  2 oozes
  An adder skeleton (D:9)
  A worm (D:3)
  A dart slug (D:1)
  7 leopard geckos
  24 orcs
  7 giant cockroaches
  15 goblins
  12 hobgoblins
  14 jackals
  6 quokkas
  A ball python (D:3)
  8 bats
  6 frilled lizards
  A gnoll zombie (Ossuary)
  4 goblin zombies (Ossuary)
  3 hobgoblin zombies (Ossuary)
  17 kobolds
  2 kobold zombies (Ossuary)
  2 quokka skeletons
  2 rats
368 creatures vanquished.

Vanquished Creatures (others)
  A scorpion (Lair:2)
  15 jellies
  A butterfly (Lair:5)
  27 fungi
  57 plants
101 creatures vanquished.

Grand Total: 469 creatures vanquished

Table legend: (Time is in decaauts)
 A = Elapsed time spent in this place.
 B = Non-inter-level travel time spent in this place.
 C = Inter-level travel time spent in this place.
 D = Time resting spent in this place.
 E = Time spent auto-exploring this place.
 F = Levels seen in this place.
 G = Mean time per level.
                   A        B        C        D        E       F      G
               +--------+--------+--------+--------+--------+-----+--------+
         Total |  13594 |  12977 |    617 |    885 |   9305 |  19 |  715.5 |
       Dungeon |   9114 |   8606 |    508 |    697 |   6214 |  12 |  759.5 |
        Temple |    237 |    188 |     49 |      0 |    188 |   1 |  237.0 |
          Lair |   3839 |   3779 |     60 |    188 |   2591 |   5 |  767.8 |
       Ossuary |    402 |    402 |      0 |      0 |    312 |   1 |  402.0 |
               +--------+--------+--------+--------+--------+-----+--------+

Top non-repeatable levels by time:
     D:4: 1379 daAuts
  Lair:4: 1030 daAuts
     D:7: 995 daAuts
     D:9: 986 daAuts
  Lair:2: 938 daAuts
  Lair:5: 896 daAuts
     D:6: 834 daAuts
  Lair:3: 813 daAuts
     D:1: 755 daAuts
     D:8: 749 daAuts
     D:5: 744 daAuts
     D:3: 658 daAuts
     D:2: 623 daAuts
    D:10: 618 daAuts
    D:12: 514 daAuts

Table legend:
 A = Non-vault XP
 B = Vault XP
 C = Vault XP percentage of total XP
 D = Non-vault monster count
 E = Vault monster count
 F = Vault count percentage of total count
                 A         B        C        D         E       F
            +---------+---------+-------+---------+---------+-------
      Total |   33721 |   14934 |  30.7 |     296 |      72 |  19.6
            +---------+---------+-------+---------+---------+-------
        D:1 |      45 |       6 |  11.8 |      24 |       4 |  14.3
        D:2 |      74 |      72 |  49.3 |      18 |      12 |  40.0
        D:3 |     143 |       0 |   0.0 |      19 |       0 |   0.0
        D:4 |     290 |     309 |  51.6 |      10 |       1 |   9.1
        D:5 |     600 |     410 |  40.6 |      20 |       2 |   9.1
        D:6 |     645 |     595 |  48.0 |      22 |       1 |   4.3
        D:7 |    1147 |     491 |  30.0 |      21 |       3 |  12.5
        D:8 |     967 |       0 |   0.0 |      14 |       0 |   0.0
        D:9 |     893 |     689 |  43.6 |      24 |      12 |  33.3
       D:10 |    1673 |    3220 |  65.8 |      28 |       6 |  17.6
       D:11 |    1392 |    1176 |  45.8 |       3 |       2 |  40.0
       D:12 |    3248 |       3 |   0.1 |      12 |       1 |   7.7
     Lair:1 |    1932 |       0 |   0.0 |       7 |       0 |   0.0
     Lair:2 |    3587 |    4502 |  55.7 |      15 |       4 |  21.1
     Lair:3 |    5878 |    1731 |  22.7 |      27 |       4 |  12.9
     Lair:4 |    6275 |    1403 |  18.3 |      18 |       5 |  21.7
     Lair:5 |    4932 |       0 |   0.0 |      14 |       0 |   0.0
    Ossuary |       0 |     327 | 100.0 |       0 |      15 | 100.0
            +---------+---------+-------+---------+---------+-------
